 Dungeon Crawl Stone Soup version 0.18-a0-1514-g6ed9364 (webtiles) character file.

10394 mrath the Corrupter of Planes (level 11, -2/85 HPs)
             Began as a Demonspawn Abyssal Knight on Mar 6, 2016.
             Was the Champion of Lugonu.
             Slain by a komodo dragon (20 damage)
             ... on level 2 of the Lair of Beasts.
             The game lasted 01:27:39 (10954 turns).

mrath the Corrupter of Planes (DsAK)               Turns: 10954, Time: 01:27:39

Health: -2/85      AC: 16    Str: 19    XL:     11   Next: 35%
Magic:  17/17      EV:  9    Int: 13    God:    Lugonu [******]
Gold:   704        SH:  0    Dex: 10    Spells: 0 memorised, 10 levels left

rFire  . . .     SeeInvis .     k - +2 flail of the Grey Skies {pain, Str+4 Dex-4}
rCold  . . .     Gourm    .     W - +0 chain mail
rNeg   . . .     Faith    .     (no shield)
rPois  +         Spirit   .     (helmet restricted)
rElec  .         Dismiss  +     Q - +2 cloak
rCorr  .         Reflect  .     l - +0 pair of gloves
SustAt .         Harm     .     (no boots)
MR     .....                    v - amulet of dismissal
Stlth  ..........               t - ring of poison resistance
                                i - +5 ring of slaying

@: not resistant to hostile enchantments, extremely unstealthy
A: horns 2, thin metallic scales 1, powered by death 1, spiny 2
a: Depart the Abyss, Bend Space, Banish, Corrupt, Enter the Abyss, Brand Weapon
With Distortion, Renounce Religion


You were on level 2 of the Lair of Beasts.
You worshipped Lugonu.
Lugonu was exalted by your worship.
You were not hungry.

You visited 3 branches of the dungeon, and saw 14 of its levels.
You visited the Abyss 1 time.

You collected 704 gold pieces.

Inventory:

Hand Weapons
 e - the +8 shortbow of the Apocalypse {flame, Int+4 Dex+4}
   (You found it on level 7 of the Dungeon)

   It causes projectiles fired from it to burn those they strike, causing extra
   injury to most foes and up to half again as much damage against particularly
   susceptible opponents.
   It affects your intelligence (+4).
   It affects your dexterity (+4).
 k - the +2 flail of the Grey Skies (weapon) {pain, Str+4 Dex-4}
   (You found it on level 7 of the Dungeon)

   In the hands of one skilled in necromantic magic, it inflicts extra damage on
   living creatures.
   It affects your strength (+4).
   It affects your dexterity (-4).
 R - a +0 hunting sling
Missiles
 g - 98 arrows
 K - 5 tomahawks of returning (quivered)
 Y - 14 poisoned sling bullets
Armour
 l - a +0 pair of gloves (worn)
 Q - a +2 cloak (worn)
 W - a +0 chain mail (worn)
Rods
 P - a +0 rod of shadows (11/11)
   (You found it on level 8 of the Dungeon)
Jewellery
 i - a +5 ring of slaying (left hand)
 t - a ring of poison resistance (right hand)
 v - an amulet of dismissal (around neck)
 w - an uncursed ring of protection from fire
 D - an uncursed ring of protection from cold
 L - an uncursed ring of see invisible
Wands
 c - a wand of acid (12/15)
 y - a wand of confusion (29/48)
 H - a wand of lightning (6/15)
Scrolls
 r - 10 scrolls of teleportation
 s - 3 scrolls of identify
 B - 5 scrolls of fear {unknown}
Potions
 m - 3 potions of degeneration {unknown}
 n - 6 potions of heal wounds
 o - 2 potions of flight {unknown}
 p - 2 potions of lignification {unknown}
 u - 6 potions of curing
 E - 2 potions of haste {unknown}
 O - 2 potions of ambrosia {unknown}
Miscellaneous
 F - a stone of tremors
Comestibles
 f - 9 beef jerkies
 j - 5 fruits


   Skills:
 + Level 7.6 Fighting
 + Level 8.0 Maces & Flails
 + Level 4.6 Bows
 + Level 6.3 Armour
 + Level 6.1 Dodging
   Level 0.6 Shields
 + Level 9.0 Invocations
 + Level 6.5 Evocations


You had 10 spell levels left.
You didn't know any spells.

Dungeon Overview and Level Annotations

Branches:
Dungeon (10/15)            Temple (1/1) D:7            Lair (3/8) D:9
    Orc (0/2) D:10
  Swamp: Lair:3-6    Shoals: Lair:3-6     Snake: Lair:3-6    Spider: Lair:3-6

Altars:
Elyvilon
Gozag
Kikubaaqudgha
Makhleb
Nemelex Xobeh
Okawaru
Pakellas
Qazlal
Sif Muna
Xom
Yredelemnul
Zin
The Shining One

Shops:
D:2 *   D:8 *

Annotations:
D:3 Sigmund


Innate Abilities, Weirdness & Mutations

You have a pair of horns on your head.
You are partially covered in thin metallic scales (AC +2).
You regenerate a little health from kills.
You are mostly covered in sharp spines.


Message History

You climb upwards.
There is a stone staircase leading down, spattered with blood here.
You sock the crocodile!
The crocodile is almost dead.
The yak is struck by your spines. The yak gores you.
The komodo dragon closely misses you. The crocodile is struck by your spines.
You kill the crocodile!
Lugonu accepts your kill.
You hit the yak.
The yak is heavily wounded.
The yak is struck by your spines. The yak closely misses you.
The komodo dragon is struck by your spines.
The komodo dragon bites you!
* * * LOW HITPOINT WARNING * * *
You sock the yak!
You kill the yak!
Lugonu accepts your kill.
Your Invocations skill increases to level 9!
The komodo dragon bites you!!
You die...

### ###########.##
###P#####............#
.#......'...........P#
....##..#...........P#
#.#######..........(#
### #.........}:##
##.........[%=#
#.......l..|?##
#.......†@.!/#
###P..##.#.### #
##.)......# #######
##..P.###### ...#.P#
#.+....#.#.#
.>....####..........#
......+.##.........##
........#..........#
...................##


You could see a komodo dragon.

Vanquished Creatures
  A hydra (Lair:2)
  A centaur zombie (D:9)
  A torpor snail (Lair:2)
  3 spiny frogs
  3 komodo dragons (Lair:2)
  11 yaks
  Grum (D:8)
  3 hippogriffs (Lair:1)
  3 hungry ghosts (D:10)
  2 wolves (D:8)
  2 soldier ants (D:8)
  2 water moccasins (Lair:1)
  5 porcupines
  A sky beast (D:7)
  2 orc warriors
  A wasp (D:8)
  3 centaurs
  3 ogres
  3 phantoms
  3 crocodiles
  A big kobold (D:7)
  6 giant frogs
  A gnoll sergeant (D:9)
  A wyvern skeleton (D:7)
  3 scorpions
  A troll zombie (D:10)
  3 wights (D:8)
  3 electric eels
  4 crimson imps
  4 hounds
  2 quasits
  Crazy Yiuf (D:4)
  4 orc priests
  2 centaur skeletons
  A giant frog skeleton (D:7)
  5 orc wizards
  6 worker ants
  3 iguanas
  4 ogre zombies (D:10)
  A hound zombie (D:9)
  A worker ant zombie (D:6)
  A howler monkey zombie (D:7)
  10 adders
  12 gnolls
  16 river rats (Lair:2)
  An ooze (D:1)
  An adder skeleton (D:4)
  2 adder zombies
  2 worms
  5 dart slugs
  4 giant geckos
  16 orcs
  3 ball pythons
  3 giant cockroaches
  7 goblins
  10 hobgoblins
  8 jackals
  10 kobolds
  5 quokkas
  5 bats
  5 giant newts
  2 goblin zombies (D:10)
  A hobgoblin skeleton (D:10)
  3 hobgoblin zombies (D:10)
  A jackal skeleton (D:5)
  3 orc skeletons (D:10)
  8 orc zombies (D:10)
  8 rats
263 creatures vanquished.

Vanquished Creatures (others)
  2 plants (Lair:2)
2 creatures vanquished.

Grand Total: 265 creatures vanquished

Notes
Turn   | Place    | Note
--------------------------------------------------------------
     0 | Abyss:1  | mrath the Demonspawn Abyssal Knight began the quest for the Orb.
     0 | Abyss:1  | Reached XP level 1. HP: 18/18 MP: 2/2
     0 | D:1      | Escaped the Abyss
    11 | D:1      | Reached * piety under Lugonu
    81 | D:1      | Reached skill level 1 in Dodging
    81 | D:1      | Gained mutation: You are partially covered in sharp spines. [demonic ancestry]
    81 | D:1      | Reached XP level 2. HP: 4/24 MP: 3/3
   686 | D:1      | Gained mutation: You have a pair of small horns on your head. [demonic ancestry]
   686 | D:1      | Reached XP level 3. HP: 27/29 MP: 5/5
  1194 | D:2      | Found Zin's Purification Station.
  1206 | D:2      | Found a glowing silver altar of Zin.
  1303 | D:2      | Reached ** piety under Lugonu
  1643 | D:3      | Gained mutation: You regenerate a little health from kills. [demonic ancestry]
  1643 | D:3      | Reached XP level 4. HP: 37/37 MP: 6/6
  1980 | D:3      | Found an opulent altar of Gozag.
  2318 | D:3      | Found a deep blue altar of Sif Muna.
  2323 | D:3      | Noticed Sigmund
  2466 | D:4      | Reached XP level 5. HP: 17/42 MP: 7/7
  3040 | D:4      | Found a glowing golden altar of the Shining One.
  3119 | D:4      | Reached XP level 6. HP: 48/48 MP: 8/8
  3240 | D:4      | Noticed Crazy Yiuf
  3245 | D:4      | Killed Crazy Yiuf
  3245 | D:4      | Reached skill level 5 in Maces & Flails
  3414 | D:5      | Entered Level 5 of the Dungeon
  3480 | D:5      | Reached skill level 3 in Invocations
  3504 | D:5      | Reached *** piety under Lugonu
  3594 | D:5      | Found a sparkling altar of Nemelex Xobeh.
  3702 | D:5      | Reached skill level 1 in Evocations
  3702 | D:5      | Gained mutation: You are mostly covered in sharp spines. [demonic ancestry]
  3702 | D:5      | Reached XP level 7. HP: 51/54 MP: 9/9
  4144 | D:6      | Reached skill level 4 in Invocations
  4425 | D:6      | Gained mutation: You have a pair of horns on your head. [demonic ancestry]
  4425 | D:6      | Reached XP level 8. HP: 61/61 MP: 11/11
  4468 | D:6      | Found a burning altar of Makhleb.
  4849 | D:7      | Reached **** piety under Lugonu
  4854 | D:7      | Reached skill level 5 in Fighting
  4891 | D:7      | Found a staircase to the Ecumenical Temple.
  4904 | Temple   | Entered the Ecumenical Temple
  4947 | D:7      | Found a basalt altar of Yredelemnul.
  5008 | D:7      | Reached skill level 5 in Invocations
  5280 | D:7      | Got a transparent shortbow
  5296 | D:7      | Identified the +8 shortbow of the Apocalypse {flame, Int+4 Dex+4} (You found it on level 7 of the Dungeon)
  5580 | D:7      | Got an ancient flail
  5581 | D:7      | Identified the +2 flail of the Grey Skies {pain, Str+4 Dex-4} (You found it on level 7 of the Dungeon)
  5956 | D:8      | Identified a +0 rod of shadows (11/11) (You found it on level 8 of the Dungeon)
  5988 | D:8      | Reached skill level 1 in Bows
  5988 | D:8      | Reached XP level 9. HP: 63/68 MP: 13/13
  6011 | D:8      | You fall through a shaft for 2 floors!
  6011 | D:10     | Entered Level 10 of the Dungeon
  6081 | D:10     | Reached ***** piety under Lugonu
  6128 | D:10     | Found a staircase to the Orcish Mines.
  6158 | D:10     | Reached skill level 6 in Invocations
  7022 | D:8      | Noticed Grum
  7032 | D:8      | Killed Grum
  7032 | D:8      | Reached skill level 5 in Armour
  7035 | D:8      | Reached skill level 7 in Invocations
  7220 | D:8      | Found Reaseywn's Assorted Antiques.
  7390 | D:8      | Gained mutation: You are partially covered in thin metallic scales (AC +2). [demonic ancestry]
  7390 | D:8      | Reached XP level 10. HP: 77/77 MP: 15/15
  7392 | D:8      | Reached skill level 5 in Evocations
  7685 | D:9      | Reached skill level 5 in Dodging
  7850 | D:9      | Found a staircase to the Lair.
  8392 | Lair:1   | Entered Level 1 of the Lair of Beasts
  8474 | Lair:1   | Noticed a spiny frog
  8476 | Lair:1   | Killed a spiny frog
  8735 | Lair:1   | Reached skill level 8 in Invocations
  9163 | Lair:1   | Noticed a spiny frog
  9166 | Lair:1   | Killed a spiny frog
  9391 | Lair:2   | Noticed a six-headed hydra
  9671 | Lair:2   | Reached XP level 11. HP: 27/84 MP: 17/17
  9908 | Lair:2   | Killed a six-headed hydra
 10187 | Lair:2   | Reached ****** piety under Lugonu
 10954 | Lair:2   | Reached skill level 9 in Invocations
 10954 | Lair:2   | Slain by a komodo dragon

Vault maps used:
D:1:      onia_arrival_handbag
D:2:      zin_purify, patterned_corridor
D:3:      nicolae_gozag_seed_capital, led_sif_book, uniq_sigmund
D:4:      marbit_many_paths, first_bread, uniq_crazy_yiuf_cottage
D:5:      nemelex_lonely_heart_becter
D:6:      kennysheep_mini, bh_walls_and_bars
D:7:      yredelemnul_altar_generic, minmay_temple_entry_butterflies,
          uniq_joseph
D:8:      corexii_shack_village, serial_shops, nicolae_shop_behind_doors,
          hangedman_pestilent_swarm, fountainhead, uniq_grum
D:9:      lair_0_dummy
D:10:     zombieorc1_lemuel, uniq_josephine, uniq_snorg
Temple:   water_room_temple_a_12
Lair:1:   nicolae_volcano_entry_lava_flow
Lair:2:   beast_lair_carwin_6, infiniplex_staircase_pool
Lair:3:   grunt_megastairs_2, uniq_harold

Skill      XL: |  1  2  3  4  5  6  7  8  9 10 11 |
---------------+----------------------------------+-----
Armour         | 2 3 4 5 6 |  6.3
Dodging        | 1 2 3 4 5 6 |  6.1
Maces & Flails | 2 3 4 5 6 7 8 |  8.0
Invocations    | 3 4 5 7 8 9 |  9.0
Fighting       | 4 5 6 7 |  7.6
Evocations     | 1 2 3 4 6 |  6.5
Bows           | 1 2 4 |  4.6
Shields        | |  0.6

Action                   |  1- 3 |  4- 6 |  7- 9 | 10-12 || total
-------------------------+-------+-------+-------+-------++-------
Melee: Mace              |    55 |    73 |   143 |       ||   271
       Flail             |       |       |    95 |    87 ||   182
 Fire: Hunting sling     |     3 |     1 |       |       ||     4
       Shortbow          |       |       |    66 |   131 ||   197
Throw: Stone             |     1 |     7 |     4 |     2 ||    14
       Tomahawk          |       |       |       |     2 ||     2
Invok: Depart the Abyss  |     1 |       |       |       ||     1
  Use: Scroll            |       |       |     8 |     4 ||    12
       Potion            |       |       |     2 |       ||     2
  Eat: Chunk             |     1 |     8 |    16 |     7 ||    32
       Beef jerky        |       |       |       |     1 ||     1
       Fruit             |       |       |       |     1 ||     1
       Pizza             |       |       |       |     1 ||     1
